 Dungeon Crawl Stone Soup version 0.29-a0-210-g9445043ebc (webtiles) character file.

Game seed: 2576865080866123387

631 Cyric the Ruffian (level 7, 0/70 HPs)
             Began as a Troll Monk on Feb 24, 2022.
             Succumbed to a gnoll sergeant's poison
             ... on level 4 of the Dungeon.
             The game lasted 00:15:18 (3473 turns).

Cyric the Ruffian (Troll Monk)                      Turns: 3473, Time: 00:15:18

Health: 0/70       AC:  5    Str: 20    XL:     7   Next: 24%
Magic:  6/6        EV: 11    Int:  8    God:
Gold:   144        SH:  0    Dex: 12    Spells: 6/6 levels left

rFire   . . .      SeeInvis .   f - +0 dagger (venom)
rCold   + . .      Faith    .   (no shield)
rNeg    . . .      Spirit   .   a - +0 robe
rPois   .          Reflect  .   (helmet restricted)
rElec   .          Harm     .   n - +0 cloak
rCorr   .          Rampage  .   (gloves unavailable)
Will    .....                   (boots unavailable)
Stlth   ++........              j - amulet of regeneration
HPRegen 1.81/turn               x - ring of protection from cold
MPRegen 0.10/turn               (no ring)

@: lethally poisoned (0 -> -9)
A: large, unfitting armour, claws 3, regeneration 1, shaggy fur 1, tough skin 1
a: no special abilities


You were on level 4 of the Dungeon.
You visited 1 branch of the dungeon, and saw 4 of its levels.

You collected 144 gold pieces.

Inventory:

Hand Weapons
 f - a +0 dagger of venom (weapon)
 q - the +7 mace of Impeachment {flame, rC- Int+8 Dex+3}
   (You found it on level 3 of the Dungeon)

   It burns those it strikes, dealing additional fire damage.
   Int:       It affects your intelligence (+8).
   Dex:       It affects your dexterity (+3).
   rC:        It makes you vulnerable to cold.
Missiles
 e - 89 stones (quivered)
 o - 2 boomerangs
 w - 2 throwing nets
Armour
 a - a +0 robe (worn)
 n - a +0 cloak (worn)
Jewellery
 j - an amulet of regeneration (around neck)
 x - a ring of protection from cold (left claw)
Wands
 t - a wand of iceblast (11)
 v - a wand of digging (6)
Scrolls
 b - a scroll of vulnerability
 d - a scroll of fog {unknown}
 h - 2 scrolls of blinking
 i - a scroll of summoning {unknown}
 k - 3 scrolls of teleportation
 m - a scroll of immolation {unknown}
 p - a scroll of magic mapping {unknown}
 s - a scroll of brand weapon {unknown}
 u - a scroll of acquirement {unknown}
Potions
 c - 2 potions of brilliance
 g - a potion of invisibility
 r - a potion of attraction {unknown}


   Skills:
 + Level 4.0 Fighting
 + Level 4.0 Dodging
 - Level 1.0 Stealth
 * Level 6.3 Unarmed Combat


You had 6 spell levels left.
You didn't know any spells.
Your spell library contained the following spells:

 Spells                   Type           Power      Damage    Failure   Level
 Dazzling Flash           Conj/Hex       0%         N/A       78%         3
 Iskenderun's Mystic Bla  Conj/Tloc      0%         2d3       99%         4
 Freezing Cloud           Conj/Ice/Air   0%         6-21      100%        5
 Simulacrum               Ice/Necr       0%         N/A       100%        6
 Starburst                Conj/Fire      0%         6d3       100%        6
 Polar Vortex             Ice            0%         N/A       100%        9


Dungeon Overview and Level Annotations

Branches:
Dungeon (4/15)
 Temple: D:4-7

Altars:


Innate Abilities, Weirdness & Mutations

You are too large for most types of armour.
You have claws for hands.
Your natural rate of healing is unusually fast.
You are covered in fur. (AC +1)
You have tough skin. (AC +1)


Message History

As you read the scroll labelled GAUKKUISAS, it crumbles to dust.
It is a scroll of identify.
c - 2 potions of brilliance
As you read the scroll of identify, it crumbles to dust.
g - a potion of invisibility The gnoll sergeant shouts!
The gnoll sergeant drinks a potion.
The gnoll sergeant seems to speed up.
A gnoll sergeant is nearby!
Your +0 dagger of venom begins to drip with poison!
f - a +0 dagger of venom (weapon)
The gnoll sergeant hits you with a +4 spear of venom.
You are poisoned.
The gnoll sergeant closely misses you.
You hit the gnoll sergeant.
The gnoll sergeant is lightly wounded.
You feel sick.
The gnoll sergeant hits you with a +4 spear of venom.
You are more poisoned.
You completely miss the gnoll sergeant.
The gnoll sergeant is lightly wounded.
You feel very sick.
The gnoll sergeant hits you with a +4 spear of venom!
You are more poisoned.
The gnoll sergeant hits you with a +4 spear of venom.
You are more poisoned.
You closely miss the gnoll sergeant.
You claw the gnoll sergeant, but do no damage.
You feel extremely sick.
The gnoll sergeant hits you with a +4 spear of venom.
You feel extremely sick.
The gnoll sergeant hits you from afar with a +4 spear of venom.
You are more poisoned.
The gnoll sergeant hits you from afar with a +4 spear of venom!
* * * LOW HITPOINT WARNING * * *
* * * LOW HITPOINT WARNING * * *
You feel extremely sick. The gnoll sergeant barely misses you.
* * * LOW HITPOINT WARNING * * *
You feel very sick.
You die...

.... ###.#..###...# ##. ...g.
##.#....# #.#.###..
......#..g....##..#.....#
..............##.........
...........#.###...####.#...#.
#.#..........######g...###.##.##.
.............## ##......#..##....
..............###..........#...##
...............#@............##..
.................................
..............................##.
##...............................
#.##.............................
......#..).......................
......##.........................
#...))#...........##..........###
..................##..<)....#.###


You could see a gnoll sergeant (fast).

Vanquished Creatures
  Sigmund (D:3)
  An ogre (D:4)
  A hound (D:4)
  A bullfrog skeleton (D:4)
  Crazy Yiuf (D:2)
  Natasha (thrice) (D:2)
  An orc wizard (D:4)
  Robin (D:2)
  4 gnolls (D:4)
  5 adders
  An ufetubus (D:3)
  An adder skeleton (D:4)
  3 dart slugs (D:1)
  6 orcs
  5 ball pythons
  8 bats
  9 endoplasms
  4 giant cockroaches
  11 goblins
  11 hobgoblins
  2 jackals (D:4)
  7 quokkas
  5 frilled lizards
  7 kobolds
  4 rats
103 creatures vanquished.

Vanquished Creatures (others)
  3 fungi (D:2)
  3 plants (D:2)
6 creatures vanquished.

Grand Total: 109 creatures vanquished

Notes
Turn   | Place    | Note
-------+----------+-------------------------------------------
     0 | D:1      | Cyric the Troll Monk began the quest for the Orb.
     0 | D:1      | Reached XP level 1. HP: 22/22 MP: 0/0
   153 | D:2      | Reached XP level 2. HP: 19/29 MP: 1/1
   503 | D:1      | Reached XP level 3. HP: 36/36 MP: 2/2
   828 | D:2      | Noticed Robin
   862 | D:2      | Killed Robin
   863 | D:2      | Reached skill level 4 in Unarmed Combat
   937 | D:2      | Found a faded altar of an unknown god.
  1065 | D:2      | Reached XP level 4. HP: 38/44 MP: 3/3
  1077 | D:2      | Found a runed translucent door.
  1078 | D:2      | Noticed Crazy Yiuf
  1106 | D:2      | Killed Crazy Yiuf
  1420 | D:2      | Noticed Natasha
  1429 | D:2      | Killed Natasha
  1473 | D:2      | Noticed Natasha
  1481 | D:2      | Killed Natasha
  1482 | D:2      | Reached XP level 5. HP: 53/53 MP: 4/4
  1582 | D:2      | Noticed Natasha
  1596 | D:2      | Killed Natasha
  1908 | D:2      | Found a faded altar of an unknown god.
  2107 | D:3      | Noticed Sigmund
  2117 | D:3      | Killed Sigmund
  2118 | D:3      | Reached skill level 5 in Unarmed Combat
  2118 | D:3      | Reached XP level 6. HP: 50/61 MP: 5/5
  2209 | D:3      | Identified the +7 mace of Impeachment {flame, rC- Int+8
                  | Dex+3}
  2983 | D:4      | Reached skill level 6 in Unarmed Combat
  3133 | D:4      | Reached XP level 7. HP: 66/68 MP: 6/6
  3472 | D:4      | HP: 3/70 [poisoned by a gnoll sergeant]
  3473 | D:4      | Succumbed to a gnoll sergeant's poison

Illustrated notes

Levels and vault maps discovered:
D:1:      lightli_arrival_statue_moat, layout_basic
D:2:      layout_rooms, dreamdust_ecumenical_altar_hidden_monk_grotto,
          uniq_robin, uniq_crazy_yiuf_cottage, uniq_natasha
D:3:      layout_loops_cross, uniq_sigmund
D:4:      layout_cave_pools

Skill      XL: |  1  2  3  4  5  6  7 |
---------------+----------------------+-----
Unarmed Combat | 4 5 6 |  6.3
Fighting       | 3 4 |  4.0
Dodging        | 3 4 |  4.0
Stealth        | |  1.0

Action                   |  1- 3 |  4- 6 |  7- 9 || total
-------------------------+-------+-------+-------++-------
Melee: Unarmed           |    97 |   143 |    21 ||   261
       Punch             |     2 |     5 |     2 ||     9
       Dagger            |    10 |    52 |     6 ||    68
Throw: Stone             |     1 |       |       ||     1
  Use: Scroll            |       |     1 |     4 ||     5
 Stab: Sleeping          |     6 |     1 |     1 ||     8
Armor: Robe              |    35 |    55 |     4 ||    94
Dodge: Dodged            |    49 |   121 |    13 ||   183

Table legend: (Time is in decaauts)
 A = Elapsed time spent in this place.
 B = Non-inter-level travel time spent in this place.
 C = Inter-level travel time spent in this place.
 D = Time resting spent in this place.
 E = Time spent auto-exploring this place.
 F = Levels seen in this place.
 G = Mean time per level.
                   A        B        C        D        E       F      G
               +--------+--------+--------+--------+--------+-----+--------+
         Total |   3452 |   3202 |    250 |     78 |   1969 |   4 |  863.0 |
       Dungeon |   3452 |   3202 |    250 |     78 |   1969 |   4 |  863.0 |
               +--------+--------+--------+--------+--------+-----+--------+

Top non-repeatable levels by time:
     D:2: 1119 daAuts
     D:3: 859 daAuts
     D:1: 857 daAuts
     D:4: 615 daAuts
